Map: Abyssal Reef LE

Players

Phranck

  • Race: Terran Terran
  • League: Platinum
  • Spawn Location: 5:00

A.I. 1 (Very Easy)

  • Race: Protoss Protoss
  • Spawn Location: 11:00

VOD

Have the link to the VOD?

Description

Time

  • Played on: Jan. 25, 2025, 10:28 p.m.
  • Length: 5:29
Show
View Real Time Build Order
Export as new Build Order

Phranck Terran 

Build Orders:  

Get SALT Encoding   

  12  0:00  SCV  
  13  0:12  SCV  
  14  0:17  Supply Depot  
  14  0:24  SCV  
  15  0:38  SCV  
  15  0:40  Barracks  
  16  0:44  Refinery  
  16  0:51  SCV  
  16  0:53  Refinery  
  17  1:03  SCV  
  18  1:06  Supply Depot  
  18  1:15  SCV  
  19  1:26  Reaper  
  19  1:29  Orbital Command  
  20  1:50  Factory  
  20  1:57  SCV  
  21  2:01  Barracks Reactor  
  21  2:09  SCV  
  22  2:21  SCV  
  23  2:26  Command Center  
  23  2:32  Supply Depot  
  23  2:33  SCV  
  23  2:36  Factory Tech Lab  
  24  2:42  Marine x2  
  26  2:48  SCV  
  27  3:00  SCV  
  27  3:01  Siege Tank  
  27  3:02  Marine x2  
  33  3:11  Starport  
  33  3:14  SCV  
  34  3:24  Supply Depot  
  34  3:26  Marine, SCV  
  34  3:27  Marine  
  37  3:38  SCV  
  37  3:40  Refinery  
  38  3:43  Siege Tank  
  38  3:47  Starport Tech Lab  
  41  3:48  Marine  
  42  3:56  SCV  
  43  4:05  Orbital Command  
  43  4:08  Marine x2  
  43  4:09  SCV  
  46  4:24  SCV  
  46  4:25  Siege Tank  
  46  4:26  Marine  
  46  4:27  Marine  
  52  4:33  Banshee  
  55  4:38  SCV  
  55  4:39  SCV  
  55  4:44  Supply Depot, Marine  
  58  4:54  Marine  
  58  4:55  SCV x2  
  61  5:02  Marine  
  62  5:07  SCV  
  67  5:14  SCV  
  67  5:19  Engineering Bay  
Show
View Real Time Build Order
Export as new Build Order

A.I. 1 (Very Easy) Protoss 

Build Orders: 1 Gate Expand, Nexus First 

Get SALT Encoding   

  12  0:00  Probe  
  13  0:13  Probe  
  14  0:19  Pylon  
  14  0:42  Gateway  
  14  1:03  Nexus  
  14  1:20  Pylon  
  14  1:22  Zealot  
  14  1:23  Assimilator  
  16  1:35  Cybernetics Core  
  16  1:39  Probe  
  17  1:51  Probe  
  18  2:00  Probe, Assimilator  
  19  2:09  Probe, Stalker  
  22  2:16  Warp Gate  
  22  2:18  Probe  
  22  2:21  Probe  
  24  2:32  Probe  
  25  2:39  Probe  
  26  2:50  Probe  
  27  2:53  Assimilator  
  27  2:57  Probe  
  27  2:58  Pylon  
  28  3:03  Probe  
  29  3:12  Probe  
  30  3:15  Probe  
  30  3:16  Robotics Facility  
  31  3:24  Zealot  
  33  3:28  Probe  
  34  3:35  Probe  
  35  3:43  Probe  
  36  3:50  Probe  
  37  3:57  Probe  
  37  4:01  Observer  
  38  4:04  Probe  
  40  4:12  Probe, Observer  
  40  4:16  Probe  
  41  4:20  Assimilator  
  43  4:26  Probe  
  43  4:29  Probe  
  43  4:36  Sentry  
  46  4:40  Probe  
  46  4:44  Pylon  
  47  4:48  Probe  
  48  4:55  Probe  
  49  5:02  Probe  
Tags
 
Add a new tag
Caveats
  • Supply blocks, unpowered buildings, or Contaminate may cause inaccurate times.
  • Supply counts are checked every 10 seconds.